Map: Coda LE (Void)

Players

Bop

  • Race: Terran Terran

Pseudorandom - Winner!

VOD

Have the link to the VOD?

Description

Time

  • Played on: May 2, 2015, 9:16 p.m.
  • Length: 12:09
Show
View Real Time Build Order
Export as new Build Order

Bop Terran 

Build Orders: MMM Bio, 6 Rax Reaper 

Get SALT Encoding   

  12  0:01  SCV  
  13  0:13  SCV  
  14  0:23  Supply Depot  
  14  0:25  SCV  
  15  0:44  SCV, Refinery  
  15  0:46  Barracks  
  16  0:56  SCV  
  17  1:06  Barracks  
  17  1:08  SCV  
  18  1:21  SCV  
  19  1:33  Orbital Command  
  19  1:34  Reaper  
  20  1:44  Supply Depot  
  20  1:54  Reaper  
  21  1:58  SCV  
  22  2:06  Reaper  
  23  2:13  SCV  
  24  2:18  Barracks  
  24  2:19  Barracks  
  24  2:26  Reaper  
  24  2:27  SCV  
  26  2:39  SCV  
  28  2:44  Reaper  
  28  2:51  SCV  
  29  3:02  Reaper  
  30  3:06  Barracks  
  30  3:13  Command Center  
  30  3:15  SCV  
  30  3:16  Supply Depot  
  31  3:22  Refinery  
  31  3:37  SCV, Reaper x2  
  33  3:52  Reaper  
  33  3:53  SCV  
  33  3:55  Marine x2  
  34  4:03  Command Center  
  34  4:04  Supply Depot  
  34  4:09  Marine  
  35  4:14  Barracks Reactor  
  35  4:18  Barracks Reactor  
  35  4:21  Barracks Tech Lab  
  35  4:24  SCV  
  35  4:27  Orbital Command  
  36  4:32  Supply Depot  
  36  4:36  Barracks Reactor  
  36  4:40  SCV, Barracks Reactor  
  36  4:44  Marine  
  38  4:51  Orbital Command  
  38  4:53  Engineering Bay  
  38  4:54  Stimpack, Engineering Bay, Marine  
  38  4:56  Marine x2  
  41  5:01  Marine  
  41  5:07  Marine  
  42  5:12  Marine  
  42  5:14  Bunker  
  44  5:16  Orbital Command  
  43  5:28  Marine  
  43  5:29  SCV x2  
  46  5:37  Marine x4  
  46  5:41  SCV x2  
  52  5:44  SCV  
  53  5:50  Factory  
  53  5:51  Marine  
  53  5:53  SCV  
  53  5:55  Terran Infantry Weapons Level 1  
  55  6:01  Marine  
  55  6:02  Marine x3  
  59  6:04  Marine  
  59  6:09  Marine x4  
  59  6:11  Terran Infantry Armor Level 1  
  64  6:23  Marine x5  
  66  6:27  Marine  
  66  6:30  Marine x3  
  52  6:40  Factory Reactor  
  52  6:41  Starport, Marine  
  52  6:42  Marine  
  52  6:43  Marine  
  52  6:45  Marine  
  50  6:53  Missile Turret, Orbital Command  
  50  6:54  Combat Shields, Missile Turret  
  50  6:57  Marine  
  50  6:58  Marine  
  52  7:08  Marine x5  
  52  7:09  Marine x2  
  52  7:15  Marine  
  60  7:26  Marine x3  
  60  7:29  Factory Tech Lab  
  64  7:31  Medivac  
  64  7:32  Missile Turret, Medivac  
  62  7:45  Marine  
  62  7:46  Marine x3  
  62  7:49  SCV  
  67  7:54  Marine  
  67  7:57  Marine  
  67  7:58  Siege Tank  
  69  8:02  Medivac  
  69  8:05  Marine x4  
  71  8:06  Marine  
  71  8:12  Marine x3  
  78  8:14  SCV, Marine  
  81  8:29  Marine x4  
  81  8:33  Missile Turret  
  85  8:39  Missile Turret  
  85  8:47  Supply Depot  
  85  8:50  Marine  
  85  8:57  SCV  
  85  8:58  Marine  
  85  9:08  SCV x2, Marine x6  
  85  9:09  SCV  
  94  9:12  Marine  
  94  9:13  Marine  
  94  9:16  Marine  
  96  9:20  SCV  
  95  9:26  Marine x5  
  93  10:05  Marine x3  
  93  10:06  Marine x3  
  86  10:07  Marine  
  86  10:13  Marine  
  86  10:14  Marine  
  86  10:20  Medivac  
  85  10:23  Marine x2  
  86  10:34  Marine x6  
  86  10:36  Siege Tank  
  86  10:38  Marine  
  86  10:41  Marine x2  
  82  10:44  Medivac  
  84  10:51  Medivac  
  86  11:33  Marine  
  82  11:49  Marine x2  
  82  11:51  Marine  
Show
View Real Time Build Order
Export as new Build Order

Pseudorandom Zerg - Winner!

Build Orders: Hatch First, Muta Ling Bane 

Get SALT Encoding   

  12  0:01  Drone  
  13  0:10  Drone  
  14  0:17  Overlord  
  14  0:23  Extractor  
  14  0:25  Drone  
  15  0:35  Drone  
  16  0:45  Drone  
  17  0:58  Hatchery  
  17  1:01  Drone  
  17  1:05  Extractor  
  16  1:14  Drone, Extractor  
  16  1:23  Spawning Pool  
  15  1:28  Drone  
  16  1:36  Drone  
  17  1:44  Drone  
  18  1:51  Overlord  
  18  2:10  Metabolic Boost, Queen  
  18  2:11  Zergling x2  
  18  2:12  Zergling x2  
  22  2:22  Queen  
  24  2:25  Drone  
  24  2:28  Drone  
  26  2:38  Drone x3  
  29  2:49  Queen  
  31  2:52  Zergling x4  
  33  3:03  Overlord  
  33  3:04  Zergling x4  
  33  3:05  Zergling x2  
  36  3:26  Drone  
  36  3:27  Drone x3  
  39  3:32  Drone x4  
  39  3:33  Overlord  
  44  3:48  Overlord  
  44  3:50  Extractor  
  44  3:52  Lair  
  42  4:00  Drone x5  
  42  4:01  Spine Crawler  
  47  4:02  Drone  
  47  4:03  Drone  
  48  4:12  Drone x3  
  48  4:16  Extractor  
  50  4:17  Spine Crawler, Extractor  
  48  4:25  Overlord  
  48  4:27  Drone x3  
  51  4:33  Drone x2  
  51  4:36  Drone x2  
  55  4:38  Zergling x2  
  55  4:39  Zergling x4  
  58  4:55  Overlord  
  58  4:57  Drone x2  
  58  4:58  Drone x2, Spire  
  61  5:09  Overlord  
  61  5:16  Zergling x4  
  61  5:17  Zergling x8  
  62  5:31  Overlord  
  62  5:36  Overlord  
  62  5:40  Hatchery  
  60  6:08  Zergling x12  
  60  6:09  Zergling x14  
  71  6:13  Mutalisk  
  73  6:22  Mutalisk  
  74  6:29  Mutalisk  
  74  6:30  Mutalisk x4  
  81  6:38  Zergling x4  
  70  6:49  Mutalisk x3  
  70  6:50  Mutalisk x3  
  70  6:53  Drone  
  83  6:59  Zerg Flyer Weapons Level 1  
  83  7:00  Drone  
  84  7:01  Drone  
  84  7:02  Evolution Chamber  
  84  7:03  Evolution Chamber  
  84  7:06  Hatchery  
  82  7:15  Drone x2  
  83  7:21  Hatchery  
  82  7:25  Mutalisk x2  
  86  7:30  Zerg Ground Armor Level 1  
  86  7:31  Zergling x2  
  86  7:32  Zergling x6  
  86  7:37  Zerg Melee Weapons Level 1  
  89  7:47  Overlord x3  
  89  7:49  Baneling Nest  
  88  7:58  Zergling x2  
  89  8:05  Drone x2  
  89  8:06  Drone x7  
  89  8:07  Drone  
  99  8:17  Drone x2  
  99  8:18  Drone  
  102  8:22  Zergling x10  
  107  8:28  Overlord  
  107  8:30  Drone x2  
  107  8:31  Drone x4  
  113  8:41  Extractor  
  113  8:42  Extractor  
  113  8:46  Baneling x4  
  113  8:47  Centrifical Hooks  
  111  8:54  Zergling x6  
  112  9:03  Baneling x9  
  112  9:04  Baneling x8  
  112  9:12  Zergling x12  
  112  9:13  Zergling x16  
  112  9:15  Baneling  
  112  9:16  Baneling  
  126  9:24  Zergling x14  
  126  9:25  Zergling x4  
  133  9:35  Zerg Melee Weapons Level 2  
  133  9:37  Drone  
  119  9:53  Mutalisk  
  119  9:54  Mutalisk x5  
  110  10:10  Zergling x28  
  110  10:11  Zergling x6  
  125  10:24  Mutalisk x2  
  125  10:25  Mutalisk x3  
  132  10:42  Zergling x2  
  121  10:43  Zergling x10  
  121  10:44  Overlord  
  121  10:45  Overlord  
  126  10:53  Evolution Chamber, Drone  
  126  10:54  Overlord  
  126  10:55  Overlord x2  
  126  11:00  Infestation Pit  
  126  11:02  Baneling x4  
  126  11:03  Baneling x5  
  125  11:05  Overseer  
  125  11:06  Overseer  
  125  11:20  Zergling x2  
  125  11:21  Zergling x36  
  142  11:26  Baneling x2  
  142  11:27  Baneling x8  
  142  11:28  Baneling x2  
  141  11:50  Zergling x30  
Tags
 
Add a new tag
Caveats
  • Supply blocks, unpowered buildings, or Contaminate may cause inaccurate times.
  • Supply counts are checked every 10 seconds.